AoeStats
← 海鸥

Black Forest

509872560Analyzed
3v3 RM · 5d ago on Sep 28, 2026· 65m 4s· 6 players
Game mode
Random Map
Map size
Normal (6 player)
Population
200
Speed
Normal
Resources
Standard
Victory
Conquest
Starting age
Dark Age
Ending age
Imperial Age
RankedLock teamsTeams togetherTeam positionsShared explorationLock speedFull tech treeHidden civsTurbo modeCheats
Victory
Defeat
🇨🇱 Celts · Chile
997
+14
🇦🇺 Celts · Australia
995
+14
🇹🇼 Danes · Taiwan
963
+15
🇮🇩 Japanese · Indonesia
1003
-17
🇨🇭 Chinese · Switzerland
919
-13
🇨🇳 Shu · China
911
-13
KaneGB
0:40 Loom
11:54 Feudal Age
20:25 Castle Age
18:35 Double-Bit Axe
19:13 Horse Collar
19:35 Gold Mining
19:39 Stone Mining
20:28 Scale Mail Armor
21:40 Bow Saw
29:16 Light Cavalry
32:08 Forging
32:03 Scale Barding Armor
32:53 Husbandry
33:12 Chain Mail Armor
37:18 Imperial Age
37:19 Ballistics
37:09 Fortified Wall
37:44 Heavy Scorpion
39:57 Pikeman
42:40 Halberdier
43:42 Town Watch
46:21 Heavy Plow
47:10 Iron Casting
47:53 Wheelbarrow
47:21 Town Patrol
48:14 Onager
56:21 Hussar
57:47 Plate Mail Armor
58:18 Blast Furnace
57:38 Chain Barding Armor
57:35 Furor Celtica
60:51 Hand Cart
60:22 Siege Onager
SASHIME
5:07 Loom
11:28 Feudal Age
15:19 Castle Age
16:44 Double-Bit Axe
16:40 Horse Collar
19:37 Wheelbarrow
27:29 Imperial Age
25:21 Forging
25:11 Scale Mail Armor
28:10 Chain Mail Armor
28:30 Iron Casting
28:18 Bow Saw
28:27 Hand Cart
28:31 Squires
28:17 Arson
29:31 Onager
31:58 Fletching
32:49 Siege Engineers
34:04 Gambesons
34:23 Siege Onager
36:18 Northmen's Fury
37:46 Elite Varangian Guard
44:06 Plate Mail Armor
45:43 Hamask
48:57 Scale Barding Armor
49:53 Blast Furnace
48:48 Bodkin Arrow
49:38 Husbandry
49:49 Bloodlines
52:05 Chain Barding Armor
55:15 Plate Barding Armor
54:41 Bracer
58:05 Heavy Plow
60:40 Conscription
61:53 Padded Archer Armor
HanzVermhat
0:35 Loom
12:55 Feudal Age
20:21 Castle Age
18:10 Double-Bit Axe
20:35 Wheelbarrow
19:46 Town Watch
19:44 Horse Collar
19:58 Stone Mining
25:27 Bow Saw
25:24 Gold Mining
29:59 Hand Cart
30:28 Heavy Plow
33:37 Imperial Age
32:34 Gold Shaft Mining
32:37 Scale Mail Armor
32:47 Forging
32:29 Fletching
32:01 Pikeman
34:11 Capped Ram
35:08 Chain Mail Armor
35:28 Iron Casting
34:40 Gambesons
34:18 Halberdier
35:15 Town Patrol
37:30 Conscription
36:36 Elite Woad Raider
37:47 Plate Mail Armor
38:18 Blast Furnace
37:19 Siege Ram
38:53 Furor Celtica
39:49 Stone Shaft Mining
40:35 Blast Furnace
43:22 Onager
46:45 Chemistry
45:52 Siege Engineers
46:08 Ballistics
45:39 Heavy Scorpion
53:07 Arson
54:20 Caravan
59:01 Siege Onager
Bako
0:41 Loom
13:46 Feudal Age
19:21 Castle Age
18:06 Stone Mining
18:06 Double-Bit Axe
25:11 Horse Collar
27:26 Heavy Plow
30:14 Bow Saw
34:20 Imperial Age
33:53 Gold Mining
35:03 Elite Fire Lancer
35:44 Squires
35:30 Arson
37:46 Conscription
38:03 Forging
37:53 Scale Mail Armor
37:54 Padded Archer Armor
37:45 Fletching
40:05 Iron Casting
39:46 Chain Mail Armor
39:36 Scale Barding Armor
42:09 Bodkin Arrow
42:29 Leather Archer Armor
47:37 Blast Furnace
46:52 Chain Mail Armor
46:57 Chain Barding Armor
48:16 Gold Shaft Mining
49:08 Bracer
49:38 Ring Archer Armor
50:31 Plate Mail Armor
50:44 Bloodlines
50:35 Husbandry
52:59 Ballistics
53:39 Chemistry
53:57 Light Cavalry
60:59 Pikeman
海鸥
0:32 Loom
12:42 Feudal Age
13:43 Double-Bit Axe
18:14 Castle Age
17:23 Horse Collar
20:28 Heavy Plow
20:40 Bow Saw
23:11 Stone Mining
25:37 Wheelbarrow
27:45 Hand Cart
29:30 Gold Mining
33:27 Imperial Age
33:57 Fortified Wall
34:09 Ballistics
33:29 Treadmill Crane
34:53 Crossbowman
35:39 Thumb Ring
36:49 Two-Man Saw
37:25 Fletching
37:35 Padded Archer Armor
37:40 Arbalester
38:42 Bodkin Arrow
39:03 Leather Archer Armor
38:12 Light Cavalry
38:52 Husbandry
39:06 Forging
39:01 Scale Barding Armor
39:19 Guilds
40:11 Conscription
40:31 Bracer
40:24 Arrowslits
40:51 Masonry
40:47 Siege Engineers
41:58 Chemistry
41:31 Ring Archer Armor
43:02 Town Watch
44:40 Coiled Serpent Array
44:42 Bolt Magazine
46:41 Scale Mail Armor
47:01 Chain Barding Armor
47:15 Architecture
46:42 Murder Holes
48:54 Elite White Feather Guard
50:05 Chain Mail Armor
57:31 Elite Skirmisher
DekaJe
0:33 Loom
12:54 Feudal Age
17:34 Castle Age
16:13 Double-Bit Axe
26:42 Bow Saw
26:17 Horse Collar
27:58 Heavy Plow
29:13 Yasama
30:52 Fortified Wall
30:43 Murder Holes
31:47 Wheelbarrow
33:56 Imperial Age
33:42 Fletching
34:03 Forging
33:53 Scale Mail Armor
33:54 Padded Archer Armor
34:00 Scale Barding Armor
33:48 Guard Tower
33:54 Murder Holes
34:10 Fortified Wall
34:21 Ballistics
33:42 Treadmill Crane
35:11 Conscription
35:49 Wheelbarrow
34:43 Elite Skirmisher
35:45 Town Watch
36:00 Crossbowman
38:09 Keep
37:54 Leather Archer Armor
37:41 Bodkin Arrow
38:31 Iron Casting
39:14 Chain Mail Armor
38:48 Arrowslits
41:05 Bracer
42:09 Chemistry
41:15 Siege Engineers
42:20 Blast Furnace
42:36 Bloodlines
42:27 Husbandry
41:48 Light Cavalry
41:50 Cavalier
43:36 Hand Cart
45:44 Chain Barding Armor
45:55 Plate Mail Armor
45:55 Ring Archer Armor
44:53 Man-at-Arms
45:19 Gambesons
45:34 Squires
45:39 Elite Samurai
46:41 Kataparuto
45:44 Long Swordsman
45:45 Pikeman
46:52 Arson
46:29 Two-Handed Swordsman
50:03 Onager
52:59 Two-Handed Swordsman
Connection lost

Rejoining the realm…

Still unreachable

The connection could not be restored.

Session expired

The server has moved on; the page needs a fresh start.